 Dungeon Crawl Stone Soup version 0.30.0-17-ge0270778cf (webtiles) character file.

Game seed: 4034352164047924241

123 DemonSlayer the Digger (level 4, -1/31 HPs)
             Began as a Demonspawn Earth Elementalist on May 21, 2023.
             Slain by a kobold brigand
             ... wielding a +0 short sword
              (5 damage)
             ... in a sewer.
             The game lasted 00:03:35 (1854 turns).

DemonSlayer the Digger (DsEE)                       Turns: 1854, Time: 00:03:36

Health: -1/31      AC:  2    Str:  6    XL:     4   Next: 80%
Magic:  6/8        EV: 12    Int: 16    God:
Gold:   90         SH:  0    Dex: 16    Spells: 4/10 levels left

rFire   . . .        b - +0 dagger
rCold   . . .        (no shield)
rNeg    . . .        a - +0 robe
rPois   .            (helmet restricted)
rElec   .            (no cloak)
rCorr   .            (no gloves)
SInv    .            (no boots)
Will    .....        (no amulet)
Stlth   ++           (no ring)
HPRegen 0.25/turn    (no ring)
MPRegen 0.11/turn

%: no passive effects
@: mighty, lethally poisoned (-1 -> -2), slowed, very slow
A: horns 1, demonic guardian 1, low MP 1, weak 1, evolution 1
a: no special abilities


You were in a sewer.
You visited 1 branch of the dungeon, and saw 4 of its levels.
You also visited: Sewer.

You collected 90 gold pieces.

Inventory:

Hand Weapons
 b - a +0 dagger (weapon)
Armour
 a - a +0 robe (worn)
Scrolls
 c - a scroll of teleportation


   Skills:
 + Level 0.4 Fighting
 + Level 2.0 Dodging
 + Level 1.9 Stealth
 + Level 3.5 Spellcasting
 + Level 0.8 Transmutations
 + Level 3.8 Earth Magic


You had 4 spell levels left.
You knew the following spells:

 Your Spells              Type           Power      Damage    Failure   Level
a - Sandblast             Erth           30%        2d9       3%          1
b - Passwall              Tmut/Erth      8%         N/A       11%         2
c - Stone Arrow           Conj/Erth      18%        3d8       24%         3

Your spell library contained the following spells:

 Spells                   Type           Power      Damage    Failure   Level
 Petrify                  Tmut/Erth      10%        N/A       56%         4


Dungeon Overview and Level Annotations

Branches:
Dungeon (4/15)              Sewer (1/1)
 Temple: D:4-7

Altars:


Innate Abilities, Weirdness & Mutations

You have a pair of small horns on your head.
A weak demonic guardian rushes to your aid.
Your magical capacity is low. (-10% MP)
You are weak. (Str -2)
You have hidden genetic potential.


Message History

A kobold and a kobold brigand come into view.
The kobold brigand is wielding a +0 short sword and quivering curare-tipped darts.
The kobold brigand throws a curare-tipped dart.
The curare-tipped dart hits you.
You are poisoned.
You have difficulty breathing.
You feel yourself slow down.
Found a lumpy purple potion and a puce potion.
Found a gate leading back out of this place.
Unknown command.
You feel very sick.
It was a potion of might.
You feel very mighty all of a sudden.
You feel very sick.
The kobold shouts!
It was a potion of mutation.
You feel extremely strange.
You feel weaker.
You feel less energetic.
You feel a hidden potential growing inside you.
You feel very sick.
Casting: Sandblast (safe; 3% risk of failure)
Confirm with . or Enter, or press ? or * to list all spells.
Aiming: Sandblast (safe; 3% risk of failure)
Press: ? - help, Shift-Dir - straight line, f - kobold brigand
Aim: a kobold brigand, wielding a +0 short sword and quivering curare-tipped darts (77% to hit)
The blast of sand hits the kobold brigand!
The kobold brigand is heavily wounded.
You feel sick.
The kobold brigand hits you with a +0 short sword.
Casting: Sandblast (safe; 3% risk of failure)
Confirm with . or Enter, or press ? or * to list all spells.
Aiming: Sandblast (safe; 3% risk of failure)
Press: ? - help, Shift-Dir - straight line, f/p - kobold brigand
Aim: a kobold brigand, wielding a +0 short sword and quivering curare-tipped darts (heavily wounded, 77% to hit)
The blast of sand hits the kobold brigand.
The kobold brigand is severely wounded.
You feel sick.
The kobold brigand hits you with a +0 short sword.
* * * LOW HITPOINT WARNING * * *
A demonic guardian appears!
The kobold barely misses you.
The kobold brigand hits you with a +0 short sword.
You die...

##### ### .....##.#
........########
..........#...!#####
..........'....#.∩.#
....~~P5.KK..∩.#.∩.#
....~P†~P@#..K!#...#
######~~########'###
~~~~~~~~~~~~~~~~~~≈#
≈≈≈≈~≈≈≈≈≈~≈≈≈≈≈~≈≈#
~~~~~~~~~~~~~~~~~~≈#
~~~#################
P~~ .~


You could see a kobold brigand (ally target), a kobold and a friendly shadow imp
(summoned).

Vanquished Creatures
  Jessica (D:3)
  A gnoll (D:1)
  4 adders
  A worm (D:2)
  2 orcs
  8 bats
  3 giant cockroaches
  3 goblins (D:1)
  5 hobgoblins
  4 jackals
  4 quokkas
  3 ball pythons
  3 kobolds
  4 rats
46 creatures vanquished.

Notes
Turn   | Place    | Note
-------+----------+-------------------------------------------
     0 | D:1      | DemonSlayer the Demonspawn Earth Elementalist began the
                  | quest for the Orb.
     0 | D:1      | Reached XP level 1. HP: 13/13 MP: 3/3
   136 | D:1      | Gained mutation: A weak demonic guardian rushes to your
                  | aid. [demonic ancestry]
   136 | D:1      | Reached XP level 2. HP: 19/19 MP: 2/5
   436 | D:1      | Reached XP level 3. HP: 21/24 MP: 5/7
   778 | D:1      | Learned a level 2 spell: Passwall
   782 | D:1      | Learned a level 3 spell: Stone Arrow
  1309 | D:2      | Gained mutation: You have a pair of small horns on your
                  | head. [demonic ancestry]
  1309 | D:2      | Reached XP level 4. HP: 30/30 MP: 6/8
  1358 | D:2      | You fall into a shaft and drop 1 floor!
  1359 | D:3      | Noticed Jessica
  1363 | D:3      | Killed Jessica
  1772 | D:4      | Found a glowing drain.
  1779 | Sewer    | Entered a sewer
  1849 | Sewer    | Noticed a kobold brigand
  1852 | Sewer    | Gained mutation: You are weak. (Str -2) [potion of
                  | mutation]
  1852 | Sewer    | Gained mutation: Your magical capacity is low. (-10% MP)
                  | [potion of mutation]
  1852 | Sewer    | Gained mutation: You have hidden genetic potential. [potion
                  | of mutation]
  1854 | Sewer    | Slain by a kobold brigand

Illustrated notes

Levels and vault maps discovered:
D:1:      kilobyte_arrival_exit_the_forest, layout_basic
D:2:      layout_basic
D:3:      layout_rooms, uniq_grinder, uniq_jessica
D:4:      layout_basic, lemuel_coloured_pillars_altar, gup_sewer_entry_pipe,
          minmay_splitting_lines
Sewer:    kennysheep_pipe_town

Skill      XL: |  1  2  3  4 |
---------------+-------------+-----
Earth Magic    | 3 |  3.8
Spellcasting   | 3 |  3.5
Dodging        | 2 |  2.0
Fighting       | |  0.4
Stealth        | |  1.9
Transmutations | |  0.8

Action                     |  1- 3 |  4- 6 || total
---------------------------+-------+-------++-------
  Melee: Unarmed           |     7 |       ||     7
         Dagger            |     8 |     3 ||    11
   Cast: Sandblast         |    49 |    31 ||    80
    Use: Potion            |     1 |     2 ||     3
         Scroll            |       |     4 ||     4
 Armour: Robe              |     7 |     3 ||    10
  Dodge: Dodged            |    41 |    22 ||    63
